 Dungeon Crawl Stone Soup version 0.30-a0-4-ga7cffc901d (webtiles) character file.

Game seed: 6938138248007731268

1719 Flugkiller the Cleaver (level 8, -10/74 HPs)
             Began as a Minotaur Fighter on Aug 21, 2022.
             Was an Initiate of Gozag.
             Mangled by a gargoyle
             ... wielding a +0 flail
              (13 damage)
             ... on level 7 of the Dungeon.
             The game lasted 00:03:10 (5690 turns).

Flugkiller the Cleaver (Minotaur Fighter)           Turns: 5690, Time: 00:03:11

Health: -10/74     AC: 14    Str: 20    XL:     8   Next: 75%
Magic:  7/7        EV:  6    Int:  5    God:    Gozag
Gold:   287        SH:  5    Dex: 13    Spells: 7/7 levels left

rFire   . . .      SeeInvis .    b - +3 hand axe
rCold   . . .      Faith    .    c - +0 buckler
rNeg    . . .      Spirit   .    y - +0 plate armour
rPois   .          Reflect  .    (helmet restricted)
rElec   .          Harm     .    D - +0 cloak
rCorr   .          Rampage  .    (no gloves)
Will    .....                    (no boots)
Stlth   ..........               z - amulet of the acrobat
HPRegen 0.22/turn                (no ring)
MPRegen 0.10/turn                (no ring)

@: no status effects
A: horns 2, retaliatory headbutt
a: Renounce Religion, Potion Petition, Call Merchant, Bribe Branch


You were on level 7 of the Dungeon.
You worshipped Gozag.
Gozag was aware of your devotion.
You visited 1 branch of the dungeon, and saw 7 of its levels.

You collected 376 gold pieces.
You spent 42 gold pieces at shops.
You paid 47 gold pieces to Gozag.

Inventory:

Hand Weapons
 a - a +0 war axe
 b - a +3 hand axe (weapon)
   (You took it off a wight on level 8 of the Dungeon)
Missiles
 x - 3 javelins (quivered)
Armour
 c - a +0 buckler (worn)
 j - a +0 kite shield
   (You found it on level 1 of the Dungeon)
 y - a +0 plate armour (worn)
   (You found it on level 4 of the Dungeon)
 D - a +0 cloak (worn)
   (You found it on level 5 of the Dungeon)
Jewellery
 z - an amulet of the acrobat (around neck)
   (You found it on level 4 of the Dungeon)
Scrolls
 e - 3 scrolls of poison
 f - 2 scrolls of enchant armour
 g - a scroll of brand weapon
 h - a scroll of fog
 l - a scroll of magic mapping
 o - a scroll of vulnerability
 r - a scroll of identify
 v - a scroll of immolation
 B - a scroll of enchant weapon
Potions
 k - 4 potions of mutation {unknown}
 m - a potion of degeneration {unknown}
 n - 3 potions of haste {unknown}
 p - a potion of ambrosia {unknown}
 q - 3 potions of curing
 s - 4 potions of brilliance {unknown}
 t - 2 potions of flight {unknown}
 w - 2 potions of heal wounds
 A - a potion of lignification {unknown}
 C - a potion of attraction {unknown}


   Skills:
 + Level 7.6 Fighting
 * Level 9.8 Axes
 + Level 7.6 Armour
 - Level 3.6 Shields


You had 7 spell levels left.
You didn't know any spells.
Your spell library was empty.

Dungeon Overview and Level Annotations

Branches:
Dungeon (8/15)
 Temple: D:4-7         Lair: D:8-11

Altars:
Gozag
Ru
Trog
Vehumet
Zin

Shops:
D:4 :![*   D:8 =


Innate Abilities, Weirdness & Mutations

You have a pair of horns on your head.
You reflexively headbutt those who attack you in melee.


Message History

You hit the kobold brigand but do no damage.
The wraith hits you but does no damage.
The kobold brigand hits you with a +0 whip.
You hit the kobold brigand.
The kobold brigand is moderately wounded.
You hit the wraith. The wraith closely misses you.
You block the kobold brigand's attack.
You hit the wraith but do no damage.
The wraith is severely damaged.
You barely miss the kobold brigand. You block the wraith's attack.
The kobold brigand hits you but does no damage.
The wraith hits you. The wraith drains your vigour!
You feel as though you will be slow longer.
You block the kobold brigand's attack.
You closely miss the wraith.
The wraith is severely damaged.
You slash the kobold brigand! You block the wraith's attack.
The kobold brigand hits you with a +0 whip.
You hit the kobold brigand.
You headbutt the kobold brigand, but do no damage.
The kobold brigand is severely wounded.
You hit the wraith. The wraith hits you but does no damage.
The kobold brigand hits you but does no damage.
You hit the kobold brigand.
The kobold brigand is almost dead.
You hit the wraith but do no damage. The wraith hits you but does no damage.
The kobold brigand completely misses you.
You furiously retaliate!
You headbutt the kobold brigand.
You kill the kobold brigand!
The wraith barely misses you.
You slash the wraith!
You destroy the wraith!
You now have 275 gold pieces (gained 6).
Things that are here:
a +0 whip; 6 poisoned darts No target in view!
No target in view!
There is a stone staircase leading up, spattered with blood here.
You now have 280 gold pieces (gained 5).
You see here 6 stones.
You feel yourself speed up.
There is a stone staircase leading up, spattered with blood here.
You now have 287 gold pieces (gained 7).
You start resting.
HP restored.
There is a stone staircase leading up, spattered with blood here.
You climb upwards.
The gargoyle hurls a stone arrow at you.
The stone arrow hits you! You block the slime creature's attack.
There is a stone staircase leading down, spattered with blood here.
You barely miss the slime creature. You hit the gargoyle but do no damage.
The gargoyle closely misses you. You furiously retaliate!
You headbutt the gargoyle!
The slime creature hits you but does no damage.
You barely miss the gargoyle. Your headbutt misses the gargoyle.
The gargoyle is moderately damaged.
You hit the slime creature. The gargoyle hits you with a +0 flail!
You block the slime creature's attack.
You hit the gargoyle but do no damage.
The gargoyle is moderately damaged.
You hit the slime creature. The slime creature hits you!
You block the gargoyle's attack.
You closely miss the gargoyle.
The gargoyle is moderately damaged.
You hit the slime creature. The slime creature barely misses you.
You furiously retaliate!
You headbutt the slime creature! You block the gargoyle's attack.
You slash the slime creature!
You headbutt the slime creature, but do no damage.
The slime creature is moderately wounded.
You hit the gargoyle. You slash the slime creature!
You headbutt the slime creature.
The slime creature is heavily wounded.
You hit the gargoyle. The gargoyle closely misses you.
The slime creature hits you!
* * * LOW HITPOINT WARNING * * *
The gargoyle barely misses you.
The slime creature hits you but does no damage.
You slash the slime creature!
The slime creature is severely wounded.
You barely miss the gargoyle. The gargoyle barely misses you.
You furiously retaliate!
You headbutt the gargoyle, but do no damage.
The slime creature completely misses you.
You furiously retaliate!
You headbutt the slime creature. You barely miss the slime creature.
The slime creature is severely wounded.
You hit the gargoyle. The gargoyle hits you with a +0 flail!
* * * LOW HITPOINT WARNING * * *
The slime creature hits you but does no damage.
You hit the slime creature.
The slime creature is severely wounded.
You hit the gargoyle but do no damage. The gargoyle closely misses you.
You furiously retaliate!
You headbutt the gargoyle. The slime creature barely misses you.
You barely miss the slime creature. You headbutt the slime creature!
The slime creature is almost dead.
You hit the gargoyle. The gargoyle hits you with a +0 flail!
You die...
Your body crumbles into a pile of gold.

##### ## #...# #. #...#
##. ####...##
##########.. #.......#
#........... ##.......#
#...........
#........####...........
#......>........####....
#.....J@9...............
###..#######'#######.##.
#.. #.# #.... #..
#####.##### #.#.. #..
#...'.'...# #.... ..
#.###.###.# #.#.. #.#
#.# #....
###.###'###....
..........).#..


You could see a slime creature and a gargoyle.

Vanquished Creatures
  Pikel (D:7)
  Eustachio (D:4)
  A wraith (D:8)
  2 black bears (D:4)
  A centaur (D:8)
  3 lemures (D:7)
  A phantom (D:5)
  A kobold brigand (D:8)
  A scorpion (D:5)
  5 wights (D:8)
  A howler monkey (D:7)
  A hound (D:5)
  2 jellies (D:8)
  Natasha (thrice) (D:4)
  4 adders
  A worm (D:3)
  An orc (D:4)
  5 ball pythons
  6 bats
  4 endoplasms
  3 giant cockroaches
  4 goblins
  4 hobgoblins
  7 kobolds
  3 quokkas
  3 frilled lizards
  4 rats
73 creatures vanquished.

Vanquished Creatures (others)
  A sky beast (D:8)
  23 plants (D:8)
24 creatures vanquished.

Grand Total: 97 creatures vanquished

Notes
Turn   | Place    | Note
-------+----------+-------------------------------------------
     0 | D:1      | Flugkiller the Minotaur Fighter began the quest for the
                  | Orb.
     0 | D:1      | Reached XP level 1. HP: 19/19 MP: 0/0
    82 | D:1      | Reached skill level 3 in Axes
    82 | D:1      | Reached XP level 2. HP: 27/27 MP: 1/1
  1191 | D:2      | Reached XP level 3. HP: 28/33 MP: 2/2
  2752 | D:4      | Found Xapaocs's Antique Armour Boutique.
  2830 | D:4      | Found a sacrificial altar of Ru.
  2834 | D:4      | Reached skill level 4 in Axes
  2834 | D:4      | Found a radiant altar of Vehumet.
  2875 | D:4      | Found a glowing silver altar of Zin.
  2887 | D:4      | Found Uluwats's General Store.
  3018 | D:4      | Reached XP level 4. HP: 38/41 MP: 3/3
  3307 | D:4      | Noticed Eustachio
  3331 | D:4      | Killed Eustachio
  3332 | D:4      | Reached skill level 5 in Fighting
  3332 | D:4      | Reached skill level 5 in Axes
  3332 | D:4      | Reached skill level 5 in Armour
  3332 | D:4      | Reached XP level 5. HP: 21/48 MP: 4/4
  3518 | D:4      | Noticed a black bear
  3526 | D:4      | Killed a black bear
  3527 | D:4      | Reached XP level 6. HP: 30/56 MP: 5/5
  3740 | D:4      | Noticed Natasha
  3743 | D:4      | Killed Natasha
  3744 | D:4      | Reached skill level 6 in Axes
  3751 | D:4      | Noticed Natasha
  3754 | D:4      | Killed Natasha
  3825 | D:4      | Found Uvim Leg's Book Shop.
  3839 | D:4      | Noticed Natasha
  3848 | D:4      | Killed Natasha
  3901 | D:4      | Found Pepac's Distillery.
  3904 | D:4      | Bought a potion of curing for 42 gold pieces
  3952 | D:4      | Found an opulent altar of Gozag.
  4212 | D:4      | Became a worshipper of Gozag Ym Sagoz the Greedy
  4284 | D:5      | Entered Level 5 of the Dungeon
  4434 | D:5      | Reached XP level 7. HP: 46/62 MP: 6/6
  4598 | D:5      | Reached skill level 7 in Axes
  4648 | D:5      | You fall into a shaft and drop 3 floors!
  4648 | D:8      | Found a bloodstained altar of Trog.
  4983 | D:7      | Reached skill level 8 in Axes
  5028 | D:7      | Noticed Pikel
  5068 | D:7      | Killed Pikel
  5069 | D:7      | Reached skill level 9 in Axes
  5069 | D:7      | Reached XP level 8. HP: 25/73 MP: 7/7
  5320 | D:7      | Noticed a gargoyle
  5321 | D:7      | Noticed a slime creature
  5552 | D:8      | Found Zinatisk's Jewellery Shop.
  5688 | D:7      | HP: 3/74 [gargoyle/+0 flail (12)]
  5690 | D:7      | Mangled by a gargoyle

Illustrated notes

Levels and vault maps discovered:
D:1:      dpeg_arrival_pits, layout_basic
D:2:      layout_basic
D:3:      layout_basic, kennysheep_generic_room_10
D:4:      layout_basic, marbit_many_paths, mainiacjoe_overflow_tiny_flanked,
          mainiacjoe_overflow_catwalk_spiral, serial_shops,
          nicolae_shop_crystal, kennysheep_mini_moat, kennysheep_mini,
          kennysheep_little_box, chequers_garden, roderic_nine_men_s_morris,
          hangedman_decor_growths, uniq_eustachio, uniq_natasha
D:5:      layout_basic, mainiacjoe_overflow_alcove_4,
          mainiacjoe_overflow_surrounded_room, minmay_temple_entry_junction_2
D:7:      minmay_the_grid_octo_tiled_squarecenter [minmay_the_grid_octo_chip,
          minmay_the_grid_octo_pinwheel, minmay_the_grid_octo_clover_2,
          minmay_the_grid_octo_empty,
          minmay_the_grid_square_5x5_megaprize_checkered,
          minmay_the_grid_square_5x5_forky, minmay_the_grid_square_5x5_fat_x,
          minmay_the_grid_square_5x5_seven, minmay_the_grid_square_5x5_c],
          layout_basic, minmay_misc_feat_pillars, minmay_door_square, uniq_pikel
D:8:      layout_loops_ring, lightli_temple_of_fire, serial_bayou,
          serial_bayou_shore_b, serial_bayou_shore_b, serial_bayou_lagoon_b,
          serial_bayou_lake_a, serial_shops, shop_statue

Skill      XL: |  1  2  3  4  5  6  7 |
---------------+----------------------+-----
Axes           | 3 4 5 6 9 |  9.8
Fighting       | 4 5 7 |  7.6
Armour         | 4 5 7 |  7.6
Shields        | |  3.6

Action                   |  1- 3 |  4- 6 |  7- 9 || total
-------------------------+-------+-------+-------++-------
Melee: War axe           |    94 |    53 |    28 ||   175
       Headbutt          |    11 |     8 |    20 ||    39
       Hand axe          |       |       |    66 ||    66
       Unarmed           |       |       |    11 ||    11
  Use: Scroll            |       |     7 |     2 ||     9
       Potion            |       |       |     2 ||     2
Armor: Scale mail        |    30 |       |       ||    30
       Chain mail        |    23 |       |       ||    23
       Plate armour      |    16 |    74 |    40 ||   130
       Skin              |       |       |     9 ||     9
Dodge: Dodged            |    39 |    17 |    65 ||   121
Block: Buckler           |    24 |    17 |    22 ||    63

Table legend: (Time is in decaauts)
 A = Elapsed time spent in this place.
 B = Non-inter-level travel time spent in this place.
 C = Inter-level travel time spent in this place.
 D = Time resting spent in this place.
 E = Time spent auto-exploring this place.
 F = Levels seen in this place.
 G = Mean time per level.
                   A        B        C        D        E       F      G
               +--------+--------+--------+--------+--------+-----+--------+
         Total |   5768 |   5523 |    245 |    873 |   3850 |   7 |  824.0 |
       Dungeon |   5768 |   5523 |    245 |    873 |   3850 |   7 |  824.0 |
               +--------+--------+--------+--------+--------+-----+--------+

Top non-repeatable levels by time:
     D:4: 1571 daAuts
     D:2: 1051 daAuts
     D:3: 991 daAuts
     D:1: 732 daAuts
     D:8: 661 daAuts
     D:7: 393 daAuts
     D:5: 367 daAuts
